 Dungeon Crawl Stone Soup version 0.29.1-2-gbd0b4ee654 (webtiles) character file.

Game seed: 2461460530098844504

160 qeuew the Firebug (level 5, 0/28 HPs)
             Began as a Tengu Fire Elementalist on Nov 3, 2022.
             Slain by a gnoll
             ... wielding a +0 club
              (6 damage)
             ... on level 4 of the Dungeon.
             The game lasted 00:06:51 (4370 turns).

qeuew the Firebug (Tengu Fire Elementalist)         Turns: 4370, Time: 00:06:52

Health: 0/28       AC:  4    Str:  9    XL:     5   Next: 41%
Magic:  1/10       EV: 14    Int: 15    God:
Gold:   219        SH:  0    Dex: 16    Spells: 3/10 levels left

rFire   . . .      SeeInvis .   i - +1 dagger
rCold   . . .      Faith    .   (no shield)
rNeg    . . .      Spirit   .   d - +0 leather armour
rPois   .          Reflect  .   (helmet restricted)
rElec   .          Harm     .   (no cloak)
rCorr   .          Rampage  .   a - +0 pair of gloves
Will    .....                   (boots unavailable)
Stlth   ++........              (no amulet)
HPRegen 0.09/turn               g - ring of wizardry
MPRegen 0.12/turn               h - ring of wizardry

@: flying quickly and evasively, quick
A: beak, talons 3, nimble flight
a: no special abilities


You were on level 4 of the Dungeon.
You visited 1 branch of the dungeon, and saw 4 of its levels.

You collected 219 gold pieces.

Inventory:

Hand Weapons
 i - a +1 dagger (weapon)
Missiles
 f - a throwing net
Armour
 a - a +0 pair of gloves (worn)
 d - a +0 leather armour (worn)
Jewellery
 g - a ring of wizardry (left hand)
 h - a ring of wizardry (right hand)
 j - a +4 ring of slaying
 o - a +4 ring of protection
Scrolls
 c - 2 scrolls of identify
 e - a scroll of magic mapping
 n - a scroll of enchant weapon
Potions
 b - a potion of magic
 k - a potion of invisibility
 l - a potion of ambrosia


   Skills:
 * Level 1.4 Short Blades
 + Level 1.3 Armour
 + Level 2.4 Dodging
 - Level 2.1 Stealth
 + Level 3.3 Spellcasting
 + Level 1.3 Conjurations
 + Level 4.7 Fire Magic


You had 3 spell levels left.
You knew the following spells:

 Your Spells              Type           Power      Damage    Failure   Level
a - Foxfire               Conj/Fire      44%        2x1d6     2%          1
b - Scorch                Fire           32%        2d6       1%          2
c - Flame Wave            Conj/Fire      11%        2d6       19%         4

Your spell library contained the following spells:

 Spells                   Type           Power      Damage    Failure   Level
 Magic Dart               Conj           24%        1d4       4%          1
 Searing Ray              Conj           12%        2d4       6%          2
 Conjure Flame            Conj/Fire      11%        6-21      6%          3
 Inner Flame              Hex/Fire       9%         N/A       9%          3
 Ignite Poison            Fire/Tmut/Pois 7%         N/A       11%         3
 Mephitic Cloud           Conj/Pois/Air  3%         N/A       17%         3
 Fulminant Prism          Conj/Hex       2%         3d6       43%         4
 Freezing Cloud           Conj/Ice/Air   1%         6-21      80%         5


Dungeon Overview and Level Annotations

Branches:
Dungeon (4/15)
 Temple: D:4-7

Altars:
Dithmenos

Annotations:
D:2 1 runed translucent door, Crazy Yiuf
D:4 1 transporter, jiml777's ghost, amateur DgAE


Innate Abilities, Weirdness & Mutations

You have a beak for a mouth.
You have claws for feet.
Your magical nature lets you fly swiftly and evasively.


Message History

The jackal attacks as you move away!
The jackal bites you but does no damage.
Casting: Scorch (safe; 1% risk of failure)
Press: ? - help, Q - select action, (/) - cycle Dir - look around, f - activate Flames lash the jackal.
You kill the jackal!
The jackal barely misses you. x2
You hit the jackal but do no damage.
The jackal bites you but does no damage.
You hit the jackal. Your kick misses the jackal. Your peck misses the jackal.
The jackal is almost dead.
The jackal bites you but does no damage.
The gnoll hits you but does no damage.
You hit the jackal but do no damage. You claw the jackal.
You kill the jackal!
The gnoll hits you with a +0 club.
* * * LOW HITPOINT WARNING * * *
The gnoll closely misses you.
You see here a jackal corpse.
You feel better. The gnoll closely misses you.
You hit the gnoll. You peck the gnoll, but do no damage.
The gnoll is lightly wounded.
The gnoll barely misses you.
You barely miss the gnoll.
The gnoll is lightly wounded.
The gnoll hits you with a +0 club.
You hit the gnoll.
The gnoll is moderately wounded.
The gnoll closely misses you.
You closely miss the gnoll. You peck the gnoll.
The gnoll is moderately wounded.
The gnoll hits you but does no damage.
You hit the gnoll. Your kick misses the gnoll.
The gnoll is heavily wounded.
The gnoll hits you with a +0 club.
* * * LOW HITPOINT WARNING * * *
You hit the gnoll but do no damage.
The gnoll is heavily wounded.
The gnoll hits you with a +0 club.
You die...

##..............$..
...........####..##.
##.........# ##.#...
#.........###......
##.............##.#
#........|.........
#.....†............
#.g...)............
#.@................
########..#........
#........... #..##...##.
####........
#.#..#.#..#.#.......####
#.#..#.#..#.####.##.....
#..##...##..##..........
##.....?(..OO##.#.#####..
##############..#.#####..


You could see a gnoll.

Vanquished Creatures
  3 gnolls (D:4)
  6 adders
  An ufetubus (D:4)
  3 dart slugs
  An orc (D:3)
  8 ball pythons
  2 bats
  6 endoplasms
  A giant cockroach (D:1)
  4 goblins
  5 hobgoblins
  8 jackals
  4 kobolds
  2 quokkas
  4 frilled lizards
  5 rats
63 creatures vanquished.

Vanquished Creatures (others)
  17 foxfires (D:1)
17 creatures vanquished.

Grand Total: 80 creatures vanquished

Notes
Turn   | Place    | Note
-------+----------+-------------------------------------------
     0 | D:1      | qeuew the Tengu Fire Elementalist began the quest for the
                  | Orb.
     0 | D:1      | Reached XP level 1. HP: 10/10 MP: 4/4
   427 | D:1      | Reached XP level 2. HP: 4/15 MP: 3/6
   763 | D:1      | Learned a level 2 spell: Scorch
  1314 | D:1      | Reached skill level 4 in Fire Magic
  1557 | D:1      | Reached XP level 3. HP: 18/19 MP: 4/7
  2833 | D:2      | Found a faded altar of an unknown god.
  2923 | D:2      | Found a runed translucent door.
  2924 | D:2      | Noticed Crazy Yiuf
  2989 | D:2      | Reached skill level 1 in Armour
  2989 | D:2      | Reached XP level 4. HP: 24/24 MP: 3/8
  3305 | D:3      | Learned a level 4 spell: Flame Wave
  4078 | D:3      | Gained mutation: Your magical nature lets you fly swiftly
                  | and evasively. [Tengu growth]
  4078 | D:3      | Reached XP level 5. HP: 28/28 MP: 5/10
  4092 | D:3      | Reached skill level 1 in Short Blades
  4164 | D:3      | Found a shadowy altar of Dithmenos.
  4240 | D:4      | Found a transporter.
  4240 | D:4      | Noticed jiml777's ghost (amateur DgAE)
  4242 | D:4      | Noticed an ogre
  4243 | D:4      | Identified the +3 great mace "Lacertilianslayer" {spect,
                  | Int+7}
  4243 | D:4      | Noticed an ogre
  4370 | D:4      | Slain by a gnoll

Illustrated notes

Levels and vault maps discovered:
D:1:      lordsloth_arrival_two_stooges, layout_loops_corners
D:2:      layout_loops_ring, shapermc_ecumenical_altar_mp_vishouse,
          uniq_crazy_yiuf_cottage
D:3:      layout_basic, mainiacjoe_overflow_brackets, st_stairs_2, minivault_11
D:4:      layout_rooms, gammafunk_ghost_smash, kennysheep_windowed_goal

Skill      XL: |  1  2  3  4  5 |
---------------+----------------+-----
Fire Magic     | 4 |  4.7
Armour         | 1 |  1.3
Spellcasting   | 3 |  3.3
Short Blades   | 1 |  1.4
Dodging        | |  2.4
Stealth        | |  2.1
Conjurations   | |  1.3

Action                   |  1- 3 |  4- 6 || total
-------------------------+-------+-------++-------
Melee: Unarmed           |    15 |       ||    15
       Kick              |    10 |     7 ||    17
       Peck              |     4 |     5 ||     9
       Dagger            |    17 |    28 ||    45
 Cast: Foxfire           |    12 |       ||    12
       Scorch            |    30 |    31 ||    61
  Use: Potion            |     4 |     1 ||     5
       Scroll            |     1 |     6 ||     7
Armor: Leather armour    |    22 |    14 ||    36
Dodge: Dodged            |    28 |    26 ||    54
